 Dungeon Crawl Stone Soup version 0.26.1-2-gb8aa6d0cf2 (webtiles) character file.

Game seed: 319076193177117512

138 Fastman69 the Ruffian (level 5, 0/45 HPs)
             Began as a Ghoul Gladiator on Feb 21, 2021.
             Slain by a sky beast (2 damage)
             ... on level 3 of the Dungeon.
             The game lasted 00:07:39 (1494 turns).

Fastman69 the Ruffian (Ghoul Gladiator)             Turns: 1494, Time: 00:07:40

Health: 0/45       AC:  7    Str: 19    XL:     5   Next: 21%
Magic:  4/4        EV: 10    Int:  3    God:
Gold:   89         SH:  0    Dex: 10    Spells: 4/4 levels left

rFire    . . .     SeeInvis .     - Unarmed
rCold    + . .     Faith    .   (no shield)
rNeg     + + +     Spirit   .   p - +0 scale mail
rPois    ∞         Reflect  .   b - +0 helmet
rElec    .         Harm     .   (no cloak)
rCorr    .         Rampage  .   (no gloves)
Will     .....                  (no boots)
Stlth    ..........             (no amulet)
HPRegen  0.00/turn              (no ring)
MPRegen  0.09/turn              (no ring)

@: no status effects
A: claws 1, cold resistance 1, negative energy resistance 3, inhibited
regeneration, torment resistance, unbreathing
a: no special abilities


You were on level 3 of the Dungeon.
You visited 1 branch of the dungeon, and saw 3 of its levels.

You collected 89 gold pieces.

Inventory:

Missiles
 c - 3 throwing nets (quivered)
Armour
 a - a +0 leather armour
 b - a +0 helmet (worn)
 i - a +0 ring mail
 p - a +0 scale mail (worn)
Scrolls
 d - 3 scrolls of identify {unknown}
 f - a scroll of remove curse {unknown}
 g - a scroll of enchant armour {unknown}
 h - a scroll of random uselessness {unknown}
 j - a scroll of enchant weapon {unknown}
 k - a scroll of teleportation {unknown}
 m - 2 scrolls of immolation {unknown}
 o - a scroll of amnesia {unknown}
Potions
 e - a potion of lignification {unknown}
 l - a potion of might {unknown}
 n - a potion of heal wounds {unknown}


   Skills:
 * Level 3.0 Fighting
 - Level 1.8 Throwing
 + Level 0.7 Armour
 + Level 3.3 Dodging
 + Level 0.1 Stealth
 * Level 5.1 Unarmed Combat


You had 4 spell levels left.
You didn't know any spells.
Your spell library was empty.

Dungeon Overview and Level Annotations

Branches:
Dungeon (3/15)

Altars:
Fedhas
Hepliaklqana
Zin


Innate Abilities, Weirdness & Mutations

You thrive by killing the living.
You are immune to poison.
You have sharp fingernails.
Your flesh is cold resistant. (rC+)
You are immune to negative energy. (rN+++)
You do not regenerate when monsters are visible.
You are immune to unholy pain and torment.
You can survive without breathing.


Message History

You closely miss something. Something hits you. Something shocks you.
You closely miss something. You scratch something.
Something hits you but does no damage.
You miss something. Something hits you but does no damage.
You miss something. Something hits you. Something shocks you.
* * * LOW HITPOINT WARNING * * *
You barely miss something.
A sky beast appears from thin air!
Reactivating autopickup.
The sky beast closely misses you.
You scratch the sky beast.
The sky beast is moderately wounded.
The sky beast flickers out of sight!
Deactivating autopickup; reactivate with Ctrl-A.
Something hits you.
* * * LOW HITPOINT WARNING * * *
Something shocks you.
* * * LOW HITPOINT WARNING * * *
You miss something. Something hits you but does no damage.
You closely miss something. Something hits you.
You die...

.####......##
.....#.###... ##
.###.)....... .#
..>.÷).#..... ##.##
.....)...######...# .
..)##(##.....#..## ...
......######.....###....
.#.[...........#........
...#............@{.$....
##.##(......########...$
#..........# .
####......## #......#
#..)...# ##...<.#
#######


There were no monsters in sight!

Vanquished Creatures
  Robin (D:2)
  5 adders
  A dart slug (D:1)
  2 worms
  A leopard gecko (D:2)
  5 orcs (D:3)
  4 giant cockroaches
  15 goblins
  8 hobgoblins
  2 jackals (D:2)
  8 kobolds
  A quokka (D:3)
  A ball python (D:1)
  9 bats
  A frilled lizard (D:1)
  3 rats (D:1)
67 creatures vanquished.

Notes
Turn   | Place    | Note
-------+----------+-------------------------------------------
     0 | D:1      | Fastman69 the Ghoul Gladiator began the quest for the Orb.
     0 | D:1      | Reached XP level 1. HP: 17/17 MP: 0/0
   164 | D:1      | Reached XP level 2. HP: 23/24 MP: 1/1
   668 | D:2      | Reached skill level 4 in Unarmed Combat
   668 | D:2      | Reached XP level 3. HP: 30/30 MP: 2/2
   893 | D:2      | Reached XP level 4. HP: 37/37 MP: 3/3
   905 | D:2      | Noticed Robin
   946 | D:2      | Killed Robin
  1172 | D:3      | Reached skill level 5 in Unarmed Combat
  1172 | D:3      | Reached XP level 5. HP: 44/45 MP: 4/4
  1260 | D:3      | Found a blossoming altar of Fedhas.
  1277 | D:3      | Found a hazy altar of Hepliaklqana.
  1286 | D:3      | Found a glowing silver altar of Zin.
  1474 | D:3      | Noticed a sky beast
  1492 | D:3      | HP: 2/45 [something (6)]
  1494 | D:3      | Slain by a sky beast

Illustrated notes

Levels and vault maps discovered:
D:1:      tarquinn_simple_flora_water_e, layout_basic
D:2:      layout_basic, uniq_robin
D:3:      layout_rooms, minitemple, grunt_ministairs_9

Skill      XL: |  1  2  3  4 |
---------------+-------------+-----
Dodging        | 3 |  3.3
Unarmed Combat | 4 5 |  5.1
Fighting       | 3 |  3.0
Throwing       | |  1.8
Armour         | |  0.7
Stealth        | |  0.1

Action                   |  1- 3 |  4- 6 || total
-------------------------+-------+-------++-------
Melee: Unarmed           |    74 |   109 ||   183
       Punch             |     1 |     1 ||     2
Armor: Leather armour    |    46 |       ||    46
       Ring mail         |    27 |    60 ||    87
       Scale mail        |       |     5 ||     5
Dodge: Dodged            |   120 |    99 ||   219
